 Dungeon Crawl Stone Soup version 0.24-a0-365-ga4d96b6e6e (webtiles) character file.

Game seed: 8389812532693817562

1079 vurker the Cleaver (level 8, -2/71 HPs)
             Began as a Hill Orc Fighter on May 27, 2019.
             Was a Follower of Yredelemnul.
             Slain by a two-headed ogre
             ... wielding a +0 giant club
              (5 damage)
             ... on level 6 of the Dungeon.
             The game lasted 00:16:23 (5799 turns).

vurker the Cleaver (Hill Orc Fighter)               Turns: 5799, Time: 00:16:24

Health: -2/71      AC:  9    Str: 26    XL:     8   Next: 29%
Magic:  11/11      EV:  6    Int:  8    God:    Yredelemnul [*.....]
Gold:   380        SH:  9    Dex: 10    Spells: 7/7 levels left

rFire    . . .     SeeInvis .   a - +1 war axe
rCold    . . .     Gourm    .   n - +0 shield
rNeg     . . .     Faith    .   j - +0 chain mail {MR+}
rPois    +         Spirit   .   (no helmet)
rElec    .         Reflect  .   s - scarf {repulsion}
rCorr    .         Harm     .   (no gloves)
MR       +....                  (no boots)
Stlth    ..........             (no amulet)
HPRegen  0.21/turn              y - ring of poison resistance
MPRegen  0.12/turn              i - ring of flight

@: mighty, repel missiles
A: no striking features
a: Animate Remains, Renounce Religion, Evoke Flight


You were on level 6 of the Dungeon.
You worshipped Yredelemnul.
Yredelemnul was aware of your devotion.
You were not hungry.

You visited 2 branches of the dungeon, and saw 7 of its levels.

You collected 380 gold pieces.

Inventory:

Hand Weapons
 a - a +1 war axe (weapon)
Missiles
 f - 2 throwing nets (quivered) {!f}
Armour
 j - a +0 chain mail of magic resistance (worn)
   (You took it off an orc on level 4 of the Dungeon)
 n - a +0 shield (worn)
 s - a scarf of repulsion (worn)
   (You found it on level 3 of the Dungeon)
Jewellery
 i - a ring of flight (right hand)
   (You found it on level 1 of the Dungeon)
 y - a ring of poison resistance (left hand)
   (You found it on level 5 of the Dungeon)
Wands
 c - a wand of disintegration (10)
   (You found it on level 2 of the Dungeon)
 t - a wand of flame (15)
   (You found it on level 5 of the Dungeon)
Scrolls
 g - 7 scrolls of identify {@r1}
 l - 2 scrolls of enchant armour {unknown}
 m - a scroll of blinking
 o - a scroll of immolation {!r}
 q - 2 scrolls of enchant weapon
 r - a scroll of teleportation {@r4}
 u - 2 scrolls of magic mapping
 x - 2 scrolls of remove curse {unknown}
Potions
 h - 2 potions of lignification {!q}
 k - a potion of mutation {unknown}
 p - 3 potions of curing {unknown}
 v - a potion of brilliance {unknown}
 z - 2 potions of degeneration {unknown}
Comestibles
 e - 8 rations {!d}


   Skills:
 + Level 6.6 Fighting
 * Level 9.1 Axes
 - Level 5.0 Armour
 - Level 3.2 Shields
 + Level 4.3 Invocations


You had 7 spell levels left.
You didn't know any spells.
Your spell library contained the following spells:

 Spells                   Type           Power        Failure   Level  Hunger
 Freeze                   Ice            #...         100%        1    ##.....
 Throw Frost              Conj/Ice       #.....       100%        2    ###....
 Ozocubu's Armour         Chrm/Ice       #.......     100%        3    ####...
 Summon Ice Beast         Ice/Summ       #.......     100%        4    #####..
 Throw Icicle             Conj/Ice       #.......     100%        4    #####..


Dungeon Overview and Level Annotations

Branches:
Dungeon (6/15)             Temple (1/1) D:4

Altars:
Ashenzari
Cheibriados
Dithmenos
Elyvilon
Fedhas
Gozag
Hepliaklqana
Kikubaaqudgha
Makhleb
Nemelex Xobeh
Qazlal
Ru
Uskayaw
Vehumet
Xom
Yredelemnul
Zin
The Shining One


Message History

You see here a +0 mace.
You eat one of the 9 rations {!d}.
That ration really hit the spot!
You swap places.
You now have 370 gold pieces (gained 8).
You swap places.
Found a stone staircase leading down.
p - 3 glowing emerald potions (gained 1)
You now have 380 gold pieces (gained 10).
Found 20 stones.
Unknown command.
You swap places.
You swap places.
The two-headed ogre shouts in stereo!
Okay, then.
What are your orders? t - Shout!
Orders for allies: a - Attack new target. r - Retreat! s - Stop attacking. g - Guard the area. f - Follow me.
Anything else - Cancel.
Gang up on whom?
Aim: a two-headed ogre, wielding a +0 giant club and a -3 giant club Attack!
Your leopard gecko zombie bites the two-headed ogre.
The two-headed ogre hits your leopard gecko zombie with a +0 giant club!!
Your leopard gecko zombie is destroyed!
The two-headed ogre hits your orc zombie with a +0 giant club!!
Your orc zombie is destroyed!
The two-headed ogre hits your orc zombie with a +0 giant club!!
Your orc zombie is destroyed!
The two-headed ogre hits your orc wizard zombie but does no damage.
The two-headed ogre hits your orc wizard zombie with a cursed -3 giant club!!
Your orc wizard zombie is destroyed!
Aim: a two-headed ogre, wielding a +0 giant club and a -3 giant club (chance to defeat MR: 48%)
The two-headed ogre is blasted!!
Okay, then.
You feel very mighty all of a sudden.
You slash the two-headed ogre!
The two-headed ogre hits you with a +0 giant club!!
The two-headed ogre hits you with a cursed -3 giant club.
You hit the two-headed ogre. You slash the two-headed ogre!
The two-headed ogre barely misses you.
The two-headed ogre hits you with a cursed -3 giant club!!
* * * LOW HITPOINT WARNING * * *
You hit the two-headed ogre.
The two-headed ogre hits you with a +0 giant club!!
* * * LOW HITPOINT WARNING * * *
The two-headed ogre hits you with a cursed -3 giant club.
You die...
Your body rises from the dead as a mindless zombie.

##.#...#..[#...#
##..#>.##...##.>#
##...####....#####
##.......##...#
#.......##....#
##.##..........##
##..#.......#...# #.
##...#.O.....##..# #.#.
#......@#.....#..# # #.#.#
.......>#..).....# ###.#.#
#.......#........#
.#...#####..........#.....#
........#.........###.....#
.......###......#.........#
...........................#
...........................#
.............#.#...........


You could see a two-headed ogre.

Vanquished Creatures
  An ice beast (D:6)
  An ogre (D:4)
  A phantom (D:6)
  3 centaurs
  3 hounds (D:4)
  Jessica (D:2)
  3 iguanas (D:4)
  3 orc wizards
  5 worker ants
  6 adders
  A howler monkey skeleton (D:5)
  A worm (D:3)
  2 dart slugs
  5 leopard geckos
  25 orcs
  7 bats
  4 giant cockroaches
  3 goblins
  8 hobgoblins
  10 jackals
  2 quokkas
  6 frilled lizards
  A jackal zombie (D:6)
  2 kobolds
  3 leopard gecko skeletons
  A quokka skeleton (D:4)
  A quokka zombie (D:5)
  6 rats
115 creatures vanquished.

Vanquished Creatures (others)
  A leopard gecko zombie (D:6)
  3 orc zombies (D:6)
4 creatures vanquished.

Grand Total: 119 creatures vanquished

Notes
Turn   | Place    | Note
-------+----------+-------------------------------------------
     0 | D:1      | vurker the Hill Orc Fighter began the quest for the Orb.
     0 | D:1      | Reached XP level 1. HP: 19/19 MP: 1/1
    34 | D:1      | Reached skill level 3 in Axes
   186 | D:1      | Reached XP level 2. HP: 27/27 MP: 2/2
   597 | D:1      | Reached XP level 3. HP: 27/33 MP: 3/3
   968 | D:2      | Reached skill level 4 in Axes
  1768 | D:3      | Noticed Jessica
  1779 | D:2      | Reached XP level 4. HP: 37/40 MP: 4/4
  1851 | D:2      | Killed Jessica
  1980 | D:2      | Reached skill level 5 in Axes
  2004 | D:2      | Reached XP level 5. HP: 37/47 MP: 5/5
  2236 | D:3      | Found a shimmering altar of Xom.
  2602 | D:4      | Found a staircase to the Ecumenical Temple.
  2776 | D:4      | Reached skill level 5 in Fighting
  2776 | D:4      | Reached skill level 6 in Axes
  2776 | D:4      | Reached XP level 6. HP: 46/56 MP: 6/6
  2870 | Temple   | Entered the Ecumenical Temple
  3022 | Temple   | Became a worshipper of Yredelemnul the Dark
  3290 | D:4      | Reached skill level 1 in Invocations
  3481 | D:4      | Reached XP level 7. HP: 56/61 MP: 8/8
  3545 | D:4      | Reached skill level 7 in Axes
  3545 | D:4      | Reached skill level 5 in Armour
  4257 | D:5      | Entered Level 5 of the Dungeon
  5025 | D:5      | Reached skill level 8 in Axes
  5322 | D:6      | Noticed a two-headed ogre
  5389 | D:6      | Found a shattered altar of Ashenzari.
  5403 | D:6      | Reached * piety under Yredelemnul
  5403 | D:6      | Reached XP level 8. HP: 63/70 MP: 10/10
  5540 | D:6      | Reached skill level 9 in Axes
  5799 | D:6      | HP: 3/71 [two-headed ogre/+0 giant club (20)]
  5799 | D:6      | Slain by a two-headed ogre

Levels and vault maps discovered:
D:1:      dpeg_arrival_short_road, layout_loops_ring, minmay_pentomino_r2
D:2:      layout_basic
D:3:      layout_rooms, lemuel_round_altar, uniq_jessica
D:4:      layout_basic, minmay_temple_entry_purple_smoke
D:5:      layout_cave_pools, first_ration
D:6:      minmay_inner_zag, layout_cave_pools, ashenzari_altar_1,
          grunt_ministairs_6
Temple:   eino_temple_scatter_basement

Skill      XL: |  1  2  3  4  5  6  7  8 |
---------------+-------------------------+-----
Axes           | 3 4 5 6 8 9 |  9.1
Fighting       | 4 5 6 |  6.6
Armour         | 4 5 |  5.0
Invocations    | 1 3 4 |  4.3
Shields        | |  3.2

Action                   |  1- 3 |  4- 6 |  7- 9 || total
-------------------------+-------+-------+-------++-------
Melee: War axe           |   124 |   150 |   156 ||   430
Invok: Animate Remains   |       |       |     4 ||     4
Evoke: Wand              |       |       |     1 ||     1
  Use: Scroll            |       |     7 |       ||     7
       Potion            |       |       |     2 ||     2
  Eat: Chunk             |     2 |     2 |     6 ||    10
       Ration            |     1 |     1 |     1 ||     3
Armor: Scale mail        |    72 |    56 |    23 ||   151
       Skin              |       |       |     9 ||     9
       Chain mail        |       |       |    35 ||    35
Dodge: Dodged            |    31 |    53 |    43 ||   127
       Deflected         |       |       |     6 ||     6
Block: Shield            |    77 |    74 |    62 ||   213

Table legend:
 A = Non-vault XP
 B = Vault XP
 C = Vault XP percentage of total XP
 D = Non-vault monster count
 E = Vault monster count
 F = Vault count percentage of total count
                 A         B        C        D         E       F
            +---------+---------+-------+---------+---------+-------
      Total |    1501 |      41 |   2.7 |     112 |       3 |   2.6
            +---------+---------+-------+---------+---------+-------
        D:1 |      34 |       4 |  10.5 |      20 |       2 |   9.1
        D:2 |     100 |      37 |  27.0 |      17 |       1 |   5.6
        D:3 |      50 |       0 |   0.0 |      17 |       0 |   0.0
        D:4 |     562 |       0 |   0.0 |      27 |       0 |   0.0
        D:5 |     330 |       0 |   0.0 |      13 |       0 |   0.0
        D:6 |     425 |       0 |   0.0 |      18 |       0 |   0.0
            +---------+---------+-------+---------+---------+-------
